 Dungeon Crawl Stone Soup version 0.29.1-2-gbd0b4ee654 (webtiles) character file.

Game seed: 14253383215634959241

137 qeuew the Trooper (level 5, -1/43 HPs)
             Began as a Palentonga Fighter on Nov 8, 2022.
             Slain by a gnoll
             ... wielding a +0 spear
              (3 damage)
             ... on level 3 of the Dungeon.
             The game lasted 00:03:13 (2185 turns).

qeuew the Trooper (Palentonga Fighter)              Turns: 2185, Time: 00:03:14

Health: -1/43      AC:  7    Str: 21    XL:     5   Next: 0%
Magic:  6/6        EV: 11    Int: 11    God:
Gold:   103        SH:  4    Dex:  9    Spells: 4/6 levels left

rFire   . . .      SeeInvis +   a - +0 war axe
rCold   . . .      Faith    .   c - +0 buckler
rNeg    . . .      Spirit   .   b - +1 scale mail
rPois   .          Reflect  .   (no helmet)
rElec   .          Harm     .   (no cloak)
rCorr   .          Rampage  .   (no gloves)
Will    .....                   (no barding)
Stlth   ..........              (no amulet)
HPRegen 0.14/turn               f - +4 ring of evasion
MPRegen 0.10/turn               i - ring of flight

@: mighty, flying
A: large, rugged brown scales 3, see invisible, deformed body, roll 2, armoured
tail
a: Rolling Charge


You were on level 3 of the Dungeon.
You visited 1 branch of the dungeon, and saw 3 of its levels.

You collected 103 gold pieces.

Inventory:

Hand Weapons
 a - a +0 war axe (weapon)
Armour
 b - a +1 scale mail (worn)
 c - a +0 buckler (worn)
Jewellery
 f - a +4 ring of evasion (left hand)
 g - a ring of magical power
 i - a ring of flight (right hand)
Potions
 e - a potion of mutation


   Skills:
 + Level 3.5 Fighting
 + Level 2.7 Axes
 + Level 2.9 Armour
 + Level 1.2 Dodging
 + Level 3.2 Shields
 + Level 1.0 Spellcasting
 + Level 1.0 Transmutations


You had 4 spell levels left.
You knew the following spells:

 Your Spells              Type           Power      Damage    Failure   Level
a - Wereblood             Tmut           2%         N/A       71%         2

Your spell library contained the following spells:

 Spells                   Type           Power      Damage    Failure   Level
 Sublimation of Blood     Necr           0%         N/A       85%         2
 Leda's Liquefaction      Hex/Erth       0%         N/A       100%        4
 Lee's Rapid Deconstruct  Erth           0%         3d5*      100%        5
 Summon Forest            Summ/Tloc      0%         N/A       100%        5
 Eringya's Noxious Bog    Tmut/Pois      0%         N/A       100%        6
 Statue Form              Tmut/Erth      0%         N/A       100%        6
 Summon Hydra             Summ           0%         N/A       100%        7


Dungeon Overview and Level Annotations

Branches:
Dungeon (3/15)

Altars:


Innate Abilities, Weirdness & Mutations

You are completely covered in rugged brown scales. (AC +3, +7% HP)
You have supernaturally acute eyesight. (SInv)
Armour fits poorly on your strangely shaped body.
You can roll at foes to attack.
You have a long armoured tail.


Message History

The gnoll hits you with a +0 flail.
The gnoll hits you from afar with a +0 spear.
Your Spellcasting skill increases to level 1!
You are too injured to fight recklessly!
Unknown command.
The endoplasm closely misses you. You block the gnoll's attack.
There's nothing you can charge at! There's nothing you can charge at!
The endoplasm attacks as you move away!
The endoplasm hits you but does no damage.
You barely miss the endoplasm. You tail-slap the endoplasm.
The endoplasm is moderately wounded.
You hit the gnoll but do no damage. The gnoll barely misses you.
The gnoll hits you with a +0 flail.
* * * LOW HITPOINT WARNING * * *
The endoplasm misses you.
You feel very mighty all of a sudden. The gnoll hits you but does no damage.
The gnoll barely misses you.
The endoplasm hits you but does no damage.
You slash the endoplasm!
You kill the endoplasm!
You barely miss the gnoll. You block the gnoll's attack. x2
The rat bites you but does no damage.
The gnoll hits you from afar with a +0 spear.
* * * LOW HITPOINT WARNING * * *
The gnoll barely misses you.
You closely miss the rat. You hit the gnoll. You block the rat's attack.
The gnoll misses you.
The gnoll hits you from afar with a +0 spear.
* * * LOW HITPOINT WARNING * * *
Unknown command.
You barely miss the rat. You tail-slap the rat.
You kill the rat!
You hit the gnoll.
You kill the gnoll!
You closely miss the goblin. The goblin barely misses you.
The gnoll hits you but does no damage.
You have reached level 5!
The goblin misses you. The gnoll hits you with a +0 spear.
You die...

### #.#######.# .. #.#...#
#.# #.. #.#...###.#
#..###### #.#...'...# ##.
.....# #.#...#####
#...#.##.###.#.......#
#...#.##.#...#..####.#
#....)..)g...#..#.<#.#
#......g@....#..#....#
#....)..#....#..#....#
..........#....#..#....#
....#.....#....#.........
........#.#...............
$.....###.#....###...#.....
...... #......# #...#.....
..... .[...... >.........


You could see a gnoll and a goblin.

Vanquished Creatures
  Natasha (twice) (D:2)
  2 gnolls (D:3)
  2 adders (D:2)
  A dart slug (D:1)
  A ball python (D:2)
  4 bats
  5 endoplasms
  3 giant cockroaches
  3 hobgoblins
  4 jackals (D:1)
  2 frilled lizards (D:1)
  6 goblins
  9 kobolds
  5 rats
49 creatures vanquished.

Notes
Turn   | Place    | Note
-------+----------+-------------------------------------------
     0 | D:1      | qeuew the Palentonga Fighter began the quest for the Orb.
     0 | D:1      | Reached XP level 1. HP: 19/19 MP: 1/1
   109 | D:1      | Reached XP level 2. HP: 14/25 MP: 2/2
   942 | D:2      | Reached XP level 3. HP: 31/31 MP: 3/3
   953 | D:2      | Learned a level 2 spell: Wereblood
  1124 | D:2      | Noticed Natasha
  1132 | D:2      | Killed Natasha
  1133 | D:2      | Reached skill level 1 in Dodging
  1133 | D:2      | Reached XP level 4. HP: 14/37 MP: 4/4
  1522 | D:2      | Noticed Natasha
  1535 | D:2      | Killed Natasha
  1896 | D:2      | Reached skill level 1 in Transmutations
  2079 | D:2      | Gained mutation: You can roll at foes to attack. [potion of
                  | mutation]
  2176 | D:3      | Reached skill level 1 in Spellcasting
  2185 | D:3      | Reached XP level 5. HP: 2/43 MP: 6/6
  2185 | D:3      | Slain by a gnoll

Illustrated notes

Levels and vault maps discovered:
D:1:      ebering_trefoil_twist, layout_basic, hex_intersection,
          dreamdust_princess_bridge, st_stairs_9
D:2:      minmay_evil_eye, layout_loops_ring, uniq_natasha
D:3:      layout_basic, lemuel_coloured_pillars_altar,
          grunt_temple_overflow_open, uniq_jessica

Skill      XL: |  1  2  3  4 |
---------------+-------------+-----
Shields        | 3 |  3.2
Dodging        | 1 |  1.2
Transmutations | 1 |  1.0
Spellcasting   | 1 |  1.0
Fighting       | |  3.5
Axes           | |  2.7
Armour         | |  2.9

Action                   |  1- 3 |  4- 6 || total
-------------------------+-------+-------++-------
Melee: War axe           |    82 |    37 ||   119
       Tailslap          |     9 |     3 ||    12
  Use: Potion            |     3 |     3 ||     6
       Scroll            |     3 |     1 ||     4
Armor: Scale mail        |    47 |    22 ||    69
Dodge: Dodged            |    46 |    26 ||    72
Block: Buckler           |    14 |    16 ||    30
